 Dungeon Crawl Stone Soup version 0.14-a0-759-g26e2352 (webtiles) character file.

595 4tharraofdagon the Poker (level 6, -1/49 HPs)
             Began as a Djinni Abyssal Knight on Nov 8, 2013.
             Was a Priest of Lugonu.
             Slain by a killer bee (4 damage)
             ... on Level 8 of the Dungeon.
             The game lasted 00:12:15 (1893 turns).

4tharraofdagon the Poker (Djinni Abyssal Knight)    Turns: 1893, Time: 00:12:15

HP  -1/49        AC  8     Str 14      XL: 6   Next: 39%
MP   0/0         EV  9     Int 12      God: Lugonu [***...]
Gold 231         SH  0     Dex 13      Spells:  0 memorised,  5 levels left

Res.Fire  : + + +   See Invis. : .   g - +1 elf spear (venom)
Res.Cold  : x . .   Warding    : .   d - +1 dwarf ring mail
Life Prot.: + + +   Conserve   : .   (no shield)
Res.Poison: .       Res.Corr.  : .   (no helmet)
Res.Elec. : .       Clarity    : .   (no cloak)
Sust.Abil.: . .     Spirit.Shd : .   (no gloves)
Res.Mut.  : .       Stasis     : .   (boots unavailable)
Res.Rott. : .       Flight     : +   (no amulet)
Saprovore : . . .                    (no ring)
                                     (no ring)

@: flying, slightly resistant to hostile enchantments, very unstealthy
A: fire immunity, cold vulnerability, life protection 3, AC +1
a: Depart the Abyss, Bend Space, Banish, Renounce Religion


You were on level 8 of the Dungeon.
You worshipped Lugonu.
Lugonu was most pleased with you.
You were not hungry.

You visited 1 branch of the dungeon, and saw 8 of its levels.
You visited the Abyss 1 time.

You collected 231 gold pieces.

Inventory:

Hand weapons
 a - a +2,+2 falchion
 g - a +1,+1 elven spear of venom (weapon)
 v - a +0,+2 halberd
Armour
 b - a +0 leather armour
 d - a +1 dwarven ring mail (worn)
 e - a +0 scale mail
Comestibles
 h - a royal jelly
Scrolls
 c - 2 scrolls of remove curse {unknown}
 f - 2 scrolls of teleportation {unknown}
 i - a scroll of enchant weapon II {unknown}
 j - 4 scrolls of identify {unknown}
 l - a scroll of curse jewellery {unknown}
 m - 3 scrolls of recharging {unknown}
 o - 2 scrolls of curse weapon {unknown}
 p - 2 scrolls of random uselessness {unknown}
 r - a scroll of curse armour {unknown}
 s - a scroll of fear {unknown}
Jewellery
 u - an uncursed ring of see invisible {unknown}
Potions
 k - a potion of restore abilities


   Skills:
 + Level 3.8 Fighting
 - Level 2.0 Long Blades
 * Level 4.1 Polearms
 + Level 3.8 Armour
 - Level 0.8 Dodging
 + Level 2.6 Invocations


You had 5 spell levels left.
You didn't know any spells.

Dungeon Overview and Level Annotations

Branches:
Dungeon (8/27)             Temple (0/1) D:6
    Orc: D:6-11        Lair: D:8-13

Altars:
Makhleb

Annotations:
D:3 4tharraofdagon's ghost, average DjAK
D:8 nOtime's ghost, experienced CeHu


Innate Abilities, Weirdness & Mutations

You are immune to all types of fire, even holy and hellish.
You are vulnerable to cold.
You need no food.
You have no legs.
You are immune to negative energy.
You are partially covered in icy blue scales (AC +1).


Message History

Unknown command.
Your magical contamination has completely faded away.
A killer bee comes into view.
The killer bee buzzes angrily.
Found a coral ring.
Unknown command.
Read which item? (? for menu, Esc to quit)
Okay, then.
Drink which item? (? for menu, Esc to quit)
Okay, then.
Read which item? (? for menu, Esc to quit)
As you read the scroll labeled MAG CANASCHOI, it crumbles to dust.
You feel forgetful for a moment.
It was a scroll of amnesia.
The crimson imp hits you.
* * * LOW HITPOINT WARNING * * *
Read which item? (? for menu, Esc to quit)
As you read the scroll labeled SCHIHIH YMEISUIN, it crumbles to dust.
You feel aware of your surroundings.
You sensed 1 altar.
It was a scroll of magic mapping.
The killer bee stings you.
You die...

*,,#** #.# *,*
**,,,,,,,,,,,,*
,,..,*#.#
*,**********
*******
**,,#.##.#
*,,,,,,,,,,,, **
,,,...#
#####*******,*
,**,***#.####...#
* * , *,*
#...rO.#.# *,*
,,*,* #.####...#
*,* ,,*,*###.#
##.#########.
*,,,*#%.p#
#55@k......=*
*****#.rO#
##########..*
#.#.## **** **,,*
#p#..# * ,, , ,*
#z##.# *,*****,**
* #.*#.#
*,**,,,,*
*****#.*#.#
##.**,****
,,,,,..*#.#
#$5**,*
**#*#.*#.#
#.#**,*


You could see a two-headed ogre, a killer bee, 2 crimson imps and a rat.

Vanquished Creatures
  A giant frog (D:6)
  An orc wizard (D:5)
  2 worker ants
  Ijyb (D:3)
  3 gnolls (D:4)
  7 adders
  A giant mite (D:5)
  2 worms
  An adder skeleton (D:7)
  3 giant eyeballs
  3 giant geckos
  An ooze (D:1)
  7 orcs
  4 bats
  5 giant cockroaches
  10 goblins
  8 hobgoblins
  5 jackals (D:2)
  A quokka (D:6)
  2 ball pythons
  2 giant newts
  6 kobolds
  An orc skeleton (D:4)
  8 rats
  A rat skeleton (D:4)
86 creatures vanquished.

Vanquished Creatures (others)
  An ogre (D:5)
  An orc priest (D:5)
  2 orc wizards (D:5)
  An orc (D:5)
  A rat (D:5)
6 creatures vanquished.

Grand Total: 92 creatures vanquished

Notes
Turn   | Place    | Note
--------------------------------------------------------------
     0 | Abyss:1  | 4tharraofdagon, the Djinni Abyssal Knight, began the quest for the Orb.
     0 | Abyss:1  | Reached XP level 1. HP: 15/15 MP: 0/0
    46 | Abyss:1  | Noticed a neqoxec
    65 | D:1      | Escaped the Abyss
   192 | D:1      | Reached skill level 1 in Polearms
   227 | D:1      | Reached XP level 2. EP: 15/21
   329 | D:2      | Acquired Lugonu's second power
   349 | D:2      | Reached skill level 3 in Fighting
   349 | D:2      | Reached XP level 3. EP: 8/28
   744 | D:3      | Reached XP level 4. EP: 35/35
   888 | D:3      | Acquired Lugonu's third power
   935 | D:3      | Noticed 4tharraofdagon's ghost (average DjAK)
  1014 | D:5      | Entered Level 5 of the Dungeon
  1027 | D:5      | Killed an ogre
  1125 | D:4      | Paralysed by a giant eyeball for 4 turns
  1172 | D:4      | Reached XP level 5. EP: 21/42
  1189 | D:4      | Paralysed by a giant eyeball for 4 turns
  1304 | D:4      | Paralysed by a giant eyeball for 3 turns
  1329 | D:4      | Noticed Ijyb
  1374 | D:3      | Killed Ijyb
  1444 | D:4      | Acquired Lugonu's fourth power
  1511 | D:5      | Paralysed by a giant eyeball for 2 turns
  1612 | D:5      | Noticed an ogre
  1620 | D:6      | Reached XP level 6. EP: 27/49
  1641 | D:6      | Found a staircase to the Ecumenical Temple.
  1654 | D:6      | Reached skill level 4 in Polearms
  1659 | D:6      | Gained mutation: You are partially covered in icy blue scales (AC +1). [potion of beneficial mutation]
  1662 | D:6      | just wow
  1743 | D:6      | Noticed an ogre
  1812 | D:6      | Noticed an orc warrior
  1826 | D:6      | Found a burning altar of Makhleb.
  1826 | D:6      | Noticed a centaur
  1827 | D:6      | timbw: ah
  1827 | D:6      | timbw: that tso wannabe altar
  1827 | D:6      | 4tharraofdagon: what else is there
  1827 | D:6      | 4tharraofdagon: pda?
  1827 | D:6      | timbw: just the mace afaik
  1842 | D:8      | Noticed a two-headed ogre
  1880 | D:8      | Noticed nOtime's ghost (experienced CeHu)
  1893 | D:8      | Slain by a killer bee

Action                   |  1- 3 |  4- 6 || total
-------------------------+-------+-------++-------
Melee: Spear             |   122 |   214 ||   336
       Halberd           |       |    10 ||    10
Invok: Banish            |       |     3 ||     3
  Use: Potion            |     7 |     3 ||    10
       Scroll            |       |     2 ||     2
